[Event "French-ch U12-U14 2024"]
[Site "Agen"]
[Date "2024.04.14"]
[Round "1.17"]
[White "Beguin, Loic"]
[Black "Boulos, Paul"]
[Result "0-1"]
[ECO "D59"]
[WhiteElo "1755"]
[BlackElo "2189"]
[Annotator "TA"]
[PlyCount "42"]
[EventDate "2024.04.14"]
[EventType "swiss"]
[EventCountry "FRA"]
[SourceTitle "playchess.com"]
[Source "ChessBase"]
[SourceQuality "1"]
[TimeControl "5400+30"]

1. d4 d5 2. c4 e6 3. Nc3 Nf6 4. Bg5 Be7 5. Nf3 O-O 6. e3 h6 7. Bh4 b6 8. cxd5 Nxd5 9. Bxe7 Qxe7 10. Nxd5 exd5 11. Be2 Rd8 12. Rc1 Bf5 13. Rc3 c5 {[%emt 0:01:04] The position is equal.} 14. Qc1 {[%emt 0:03:10] [#]} (14. dxc5 $11 bxc5 15. Qc1) 14... c4 $1 $17 15. b3 b5 {[%emt 0:01:03] aiming for ...b4.} 16. bxc4 bxc4 17. Nd2 Nc6 18. O-O Rab8 19. Bf3 (19. a3 $142) 19... Nb4 {[%emt 0:09:17] Black is much more active.} 20. Qa3 (20. Qb2 $142) 20... Rb6 {[%emt 0:07:39] [#] And now ...Ra6 would win.} 21. Re1 $2 (21. Ra1 {is more resistant.}) 21... Ra6 {[%emt 0:02:05] Weighted Error Value: White=0.74/Black=0.14 (very precise) .  Mistake:       	White=4     	---        Inaccurate:     	White=1     	---        OK:         	White=1     	Black=4      Best:        	---       	Black=1      Strong:       	---       	Black=1} 0-1

[Event "French-ch U12-U14 2024"]
[Site "Agen"]
[Date "2024.04.14"]
[Round "1.18"]
[White "Borne, Felix"]
[Black "Letellier, Louis-Gabriel"]
[Result "1-0"]
[ECO "D36"]
[WhiteElo "2163"]
[BlackElo "1755"]
[Annotator "TA"]
[PlyCount "84"]
[EventDate "2024.04.14"]
[EventType "swiss"]
[EventCountry "FRA"]
[SourceTitle "playchess.com"]
[Source "ChessBase"]
[SourceQuality "1"]
[TimeControl "5400+30"]

1. d4 Nf6 2. c4 e6 3. Nc3 d5 4. cxd5 exd5 5. Bg5 Be7 6. e3 h6 7. Bh4 c6 8. Qc2 Bg4 9. Bd3 Nbd7 10. Nge2 Nb6 {[%emt 0:13:18] The position is equal.} 11. O-O O-O 12. h3 Bxe2 13. Nxe2 Ne4 14. Bxe7 Qxe7 15. Bxe4 Qxe4 16. Qxe4 dxe4 17. f3 Rfe8 {[%emt 0:07:13] next ...Nc4 is good for Black.} 18. Ng3 (18. Kf2 $11) 18... exf3 $15 19. Rxf3 Nc4 20. Nf5 Kh7 (20... Nxb2 21. Rg3 (21. Rb1 Nc4 $16) 21... g6 22. Nxh6+ (22. Rb1 Nc4 $11) 22... Kg7 23. Nf5+ Kf8 24. Nd6 $14) 21. Rd1 g6 (21... Nxb2 $6 22. Rb1 Nc4 23. Rxb7 $16) (21... Rad8 $11) 22. b3 $1 $16 {[%emt 0:00:08] White now steadily converts the win.} gxf5 23. bxc4 {[%emt 0:00:01][%mdl 4096] Endgame. KRR-KRR} Kg6 24. Rdf1 c5 25. Rxf5 $18 (25. dxc5 $6 Re5 $14) 25... cxd4 $2 {[%emt 0:00:48] [#]} (25... Re7 26. Rxc5 Rxe3) 26. Rf6+ (26. exd4 Re7 27. Rc5 Re4 $18) (26. Rxf7 Re4 27. R1f6+ (27. Rxb7 dxe3 28. Rc7 a5 $14) 27... Kg5 $18) 26... Kg7 27. Rxf7+ (27. exd4 Re7 28. Rd6 b6 $16) 27... Kg8 28. exd4 (28. Rxb7 dxe3 29. Re1 Rac8 $16) 28... Re4 29. R1f4 ({But not} 29. Rxb7 Rxd4 30. Rf6 h5 31. Rg6+ Kh8 32. Rh6+ Kg8 33. Rxh5 Rxc4 34. Rg5+ Kh8 35. Rh5+ Kg8 $18) 29... Re2 $2 (29... Rxd4 {is more resistant.} 30. Rxd4 Kxf7 31. Rd7+ Kf6 32. Rxb7 Rc8) 30. Rxb7 Rxa2 31. Rf6 a5 32. Rg6+ Kf8 33. Rxh6 Kg8 {[%emt 0:00:12] Wards off Rh8+} 34. Rbh7 Rf8 35. Rh8+ Kg7 36. R6h7+ Kg6 37. Rxf8 {[%emt 0:00:21][%cal Oc4c5] [#] Threatening mate with c5!} Kxh7 {[%emt 0:00:07] KR-KR} 38. c5 {[%emt 0:00:22][%cal Bc4c5,Bc5c6][%mdl 32] c6 would kill now.} a4 39. c6 a3 40. d5 (40. c7 $142 Ra1+ 41. Kh2 Rc1 42. c8=Q (42. c8=B a2 $16) 42... Rxc8 43. Rxc8 Kg6 44. Ra8 Kf7 45. h4 (45. Rxa3 Ke6 46. Ra5 Kf7 47. Re5 Kf6 48. Re1 Kg6 49. d5 Kh7)) 40... Ra1+ 41. Kh2 a2 42. Ra8 Rc1 {[%emt 0:01:08] Weighted Error Value: White=0.13 (very precise) /Black=0.44.  Mistake:       	White=1     	Black=4      Inaccurate:     	White=2     	Black=1      OK:         	White=8     	Black=6      Best:        	White=4     	Black=1      Strong:       	White=1     	---} 1-0

[Event "French-ch U12-U14 2024"]
[Site "Agen"]
[Date "2024.04.14"]
[Round "1.19"]
[White "Tirateau, Tom"]
[Black "Auribault, Louis"]
[Result "0-1"]
[ECO "B09"]
[WhiteElo "1748"]
[BlackElo "2137"]
[Annotator "TA"]
[PlyCount "34"]
[EventDate "2024.04.14"]
[EventType "swiss"]
[EventCountry "FRA"]
[SourceTitle "playchess.com"]
[Source "ChessBase"]
[SourceQuality "1"]
[TimeControl "5400+30"]

1. e4 d6 2. d4 Nf6 3. Nc3 g6 4. f4 Bg7 5. Nf3 O-O 6. Be2 c5 7. e5 (7. a3 $11) 7... Nfd7 $15 8. exd6 exd6 9. Be3 {[%emt 0:05:31] Black has an edge.} Nc6 10. O-O Nf6 (10... cxd4 $17 11. Nxd4 Qb6) 11. dxc5 $11 Ng4 12. Bc1 Qa5 (12... dxc5 {simplifies} 13. Qxd8 Rxd8 14. h3 Nh6) 13. Qe1 (13. Ne4 $11 {remains equal.}) 13... Qxc5+ $17 14. Kh1 Re8 {[%emt 0:01:59] Strongly threatening ...Nb4. Black is much more active.} 15. Na4 $2 {[%emt 0:07:34][%mdl 8192] [#]} (15. h3 $17 {is tougher.} Nf6 16. Bd2) 15... Qxc2 $19 {[%emt 0:02:12] Black is clearly winning.} 16. Nc3 Bxc3 17. Qxc3 Qxc3 {[%emt 0:00:30] Weighted Error Value: White=0.93/Black=0.11 (very precise) .  Loses game:     	White=1     	---        Mistake:       	White=1     	Black=1      Inaccurate:     	White=2     	---        OK:         	White=4     	Black=4      Best:        	White=1     	Black=3} ({Weaker is} 17... Qxe2 18. Re1 $11) 0-1

[Event "French-ch U12-U14 2024"]
[Site "Agen"]
[Date "2024.04.14"]
[Round "1.20"]
[White "Khoury, Theo"]
[Black "Vijay, Soukreev"]
[Result "1-0"]
[ECO "A28"]
[WhiteElo "2086"]
[BlackElo "1747"]
[Annotator "TA"]
[PlyCount "71"]
[EventDate "2024.04.14"]
[EventType "swiss"]
[EventCountry "FRA"]
[SourceTitle "playchess.com"]
[Source "ChessBase"]
[SourceQuality "1"]
[TimeControl "5400+30"]

1. e4 e5 2. Nf3 Nc6 3. d4 exd4 4. Nxd4 d6 5. c4 Nf6 6. Nc3 Be7 7. Be2 O-O 8. O-O Re8 9. f4 (9. Be3 $14) 9... Nxd4 $11 10. Qxd4 b6 {[%emt 0:00:17][%cal Od6d5] Threatens to win with ...d5! The position is equal.} 11. Kh1 Bb7 12. Bf3 Nd7 13. Nd5 Bxd5 (13... c6 $11 14. Nc3 Bf6) 14. Qxd5 Rb8 {[%emt 0:00:47] Black is weak on the light squares} 15. Be3 Bf6 16. Rf2 Nc5 17. Re2 Ne6 18. Rf1 a6 19. g4 b5 20. g5 {[%emt 0:00:13] [#]} (20. e5 $14 dxe5 21. fxe5) 20... Bd4 $1 21. Bc1 (21. Bxd4 c6 $15) (21. Bg2 Bxe3) 21... Ba7 {[%emt 0:03:41] Hoping for ...Nd4.} 22. Rg2 Nd4 $1 {[%emt 0:04:11] aiming for ...c6.} 23. e5 {[%emt 0:09:36] [#]} (23. Bh5 $142 Qe7 24. e5 (24. g6 hxg6 25. Bxg6 Qe6 $17)) 23... Nxf3 (23... c6 $142 $1 24. Qe4 bxc4) 24. Qxf3 $17 dxe5 25. fxe5 Qd7 26. cxb5 Rxb5 27. Bf4 Qe6 28. Rc2 Bb6 29. Rd1 (29. b3 $15) 29... Qxa2 30. Qc6 Qe6 31. Qe4 (31. Qxe6 $17 {was worth a try.} fxe6 32. h4) 31... a5 $19 32. Rcd2 Rb4 33. Qf3 Qe7 $2 ({Better is} 33... Rf8 $19 {And now ...Qf5 would win.} 34. Bg3 Rb3) 34. Rd7 $1 $11 Qe6 35. Rd8 $2 (35. R7d2 $1 $11) 35... Qe7 $4 ({Weaker is} 35... Rxb2 36. Qa8 Kf8 37. Rxe8+ Qxe8 38. Rd8 f6 39. Rxe8+ Kf7 40. g6+ (40. e6+ Kg6 $18) 40... Kxg6 41. Qe4+ (41. Bc1 Re2 42. exf6 Rxe8 43. Qxe8+ Kxf6 44. Bb2+ Kg5 45. Qe6 h6 46. Bxg7 Bd4) 41... Kf7 42. e6+ Kxe8 43. Qc6+ (43. Qxh7 Kf8 44. Qh8+ Ke7 45. Qg8 Rb1+ 46. Kg2 Rb2+ 47. Kh3 Rb3+ 48. Kg4 f5+ 49. Kg5 Rg3+ 50. hxg3 Bf2 51. Qf7+ Kd8 52. Qf8#) 43... Kf8 44. Bd6+ (44. Bxc7 g5 $18) 44... cxd6 45. Qxd6+ Ke8 46. Qd7+ Kf8 47. Qf7#) (35... c6 $19 36. Rxe8+ Qxe8) 36. Qa8 {[%emt 0:00:22] Weighted Error Value: White=0.32/Black=0.35.  Loses game:     	White=1     	---        Missed win:     	---       	Black=2      Mistake:       	White=5     	Black=2      Inaccurate:     	White=3     	Black=3      OK:         	White=7     	Black=7      Best:        	White=1     	Black=1      Strong:       	White=1     	Black=1      Brilliant:      	---       	Black=1} 1-0

[Event "French-ch U12-U14 2024"]
[Site "Agen"]
[Date "2024.04.15"]
[Round "2.1"]
[White "Wang, Emma"]
[Black "Benhadid, Jeilynn"]
[Result "1/2-1/2"]
[ECO "B30"]
[WhiteElo "1872"]
[BlackElo "1844"]
[Annotator "NA RC"]
[PlyCount "66"]
[EventDate "2024.04.14"]
[EventType "swiss"]
[EventCountry "FRA"]
[SourceTitle "playchess.com"]
[Source "ChessBase"]
[SourceQuality "1"]
[TimeControl "5400+30"]

1. e4 c5 2. Nc3 Nc6 3. Nf3 g6 4. Bc4 Bg7 5. O-O d6 6. d3 Nf6 {[%emt 0:02:15] 6...e6 gains popularity.} 7. h3 O-O 8. a3 {[%emt 0:03:48] B30: Sicilian: 2...Nc6 3 Bb5, lines without ...g6.} a6 9. Be3 b5 10. Ba2 Nd7 11. Qc1 Bb7 $146 ({Predecessor:} 11... Nd4 12. Bxd4 cxd4 13. Ne2 Qb6 14. c3 dxc3 15. Nxc3 Bb7 16. Qd2 Nf6 17. Rac1 Rac8 {0-1 Thowsen,A (1161)-Bo,M (1191) As Autumn 2016 (7)}) 12. Bh6 Nb6 13. Bxg7 Kxg7 14. Ng5 Nd4 15. Qd2 d5 $11 16. exd5 Nxd5 17. Nxd5 Bxd5 18. Bxd5 Qxd5 19. Ne4 Rfd8 20. Nc3 Qd7 21. Ne2 Ne6 22. Rad1 Rac8 23. Rfe1 Rc6 24. b3 Nd4 25. Nxd4 cxd4 26. Re2 Rdc8 27. Rc1 Qc7 28. Qg5 f6 29. Qd5 Rd8 30. Rxe7+ Qxe7 31. Qxc6 Qxa3 32. Re1 Qd6 33. Re6 Qxc6 1/2-1/2

[Event "French-ch U12-U14 2024"]
[Site "Agen"]
[Date "2024.04.15"]
[Round "2.2"]
[White "Alcantara, Levanah"]
[Black "Carissan, Alice"]
[Result "1-0"]
[ECO "D20"]
[WhiteElo "1756"]
[BlackElo "1476"]
[Annotator "NA RC"]
[PlyCount "63"]
[EventDate "2024.04.14"]
[EventType "swiss"]
[EventCountry "FRA"]
[SourceTitle "playchess.com"]
[Source "ChessBase"]
[SourceQuality "1"]
[TimeControl "5400+30"]

1. d4 d5 2. c4 dxc4 3. Nc3 c5 4. e3 Nc6 5. d5 Ne5 6. Bxc4 Nxc4 7. Qa4+ Bd7 8. Qxc4 e6 9. e4 Nf6 10. Nf3 exd5 11. exd5 Be7 12. O-O O-O 13. Bf4 Qb6 14. Rfe1 Bd6 15. Bg5 Ne8 16. a4 a5 17. Ne4 Bc7 18. Be7 f5 19. d6+ Rf7 20. Neg5 Nxd6 21. Bxd6 Qxd6 22. Nxf7 Qf6 23. Rad1 Bc6 24. N7e5+ Kh8 25. Nxc6 Qxc6 26. Ne5 Qf6 27. Nf7+ Kg8 28. Nd8+ Kf8 29. Qxc5+ Bd6 30. Rxd6 Qxd8 31. Rxd8+ Kf7 32. Qxf5# 1-0

[Event "French-ch U12-U14 2024"]
[Site "Agen"]
[Date "2024.04.15"]
[Round "2.4"]
[White "Anseeuw, Emma"]
[Black "Ben Salah, Ines"]
[Result "1-0"]
[ECO "D00"]
[WhiteElo "1667"]
[BlackElo "1473"]
[Annotator "NA RC"]
[PlyCount "57"]
[EventDate "2024.04.14"]
[EventType "swiss"]
[EventCountry "FRA"]
[SourceTitle "playchess.com"]
[Source "ChessBase"]
[SourceQuality "1"]
[TimeControl "5400+30"]

1. d4 d5 2. Bf4 e6 3. e3 Bd6 4. Bg3 a6 5. Nf3 Nf6 6. Nbd2 c5 7. c3 Qc7 8. Bd3 c4 9. Bb1 b5 10. a3 Nbd7 11. e4 Bxg3 12. hxg3 dxe4 13. Nxe4 Bb7 14. Qe2 Qc6 15. Ned2 h6 16. Bc2 O-O-O 17. a4 Kc7 18. Rg1 Rhe8 19. Ne5 Nxe5 20. Qxe5+ Qd6 21. axb5 Ra8 22. Qxd6+ Kxd6 23. Nxc4+ Kc7 24. b6+ Kd8 25. Nd6 Re7 26. c4 Bc6 27. Ba4 Bb7 28. Nxb7+ Rxb7 29. Bc6 1-0

[Event "French-ch U12-U14 2024"]
[Site "Agen"]
[Date "2024.04.15"]
[Round "2.7"]
[White "Bat, Sodcetsen"]
[Black "Martinez, Julien"]
[Result "1-0"]
[ECO "B18"]
[WhiteElo "2012"]
[BlackElo "1747"]
[Annotator "NA RC"]
[PlyCount "91"]
[EventDate "2024.04.14"]
[EventType "swiss"]
[EventCountry "FRA"]
[SourceTitle "playchess.com"]
[Source "ChessBase"]
[SourceQuality "1"]
[TimeControl "5400+30"]

1. e4 c6 2. d4 d5 3. Nc3 dxe4 4. Nxe4 Bf5 5. Ng3 Bg6 6. Nh3 h6 {[%emt 0:01:05] B18: Classical Caro-Kann: 4...Bf5 sidelines.} 7. Nf4 Bh7 8. c3 Nf6 9. Bd3 Bxd3 10. Qxd3 e6 11. O-O Be7 12. Nfh5 O-O 13. Nxf6+ Bxf6 14. Ne4 Nd7 15. Qg3 Kh7 16. Bf4 Nb6 17. Bc7 Qd5 18. Qd3 Kh8 19. Nxf6 gxf6 20. Qh3 Qg5 21. f4 Qg7 22. Bxb6 axb6 23. f5 e5 24. dxe5 fxe5 25. f6 Qh7 (25... Qg6 $11 {was preferrable.}) 26. Rf5 Rg8 27. Rxe5 Rg6 28. Qf3 Rg5 (28... Rgg8 $16 {is a better defense.}) 29. Rxg5 hxg5 30. Rd1 Kg8 31. a3 Re8 32. Qf2 b5 {[%emt 0:06:29] [#]} 33. h3 $16 Qg6 34. h4 Qh5 35. Rd4 Qe2 36. hxg5 c5 37. Rd2 Qe5 38. g6 Qh5 39. gxf7+ Qxf7 40. Qg3+ Kf8 41. Qg7+ Qxg7 42. fxg7+ Kxg7 43. Rd7+ Kf6 44. Rxb7 Kf5 45. Rxb5 Kg4 46. Kf2 1-0

[Event "French-ch U12-U14 2024"]
[Site "Agen"]
[Date "2024.04.15"]
[Round "2.10"]
[White "Trouve, Ethan"]
[Black "Bocquenet-Drouode, Hugo"]
[Result "0-1"]
[ECO "D00"]
[WhiteElo "1739"]
[BlackElo "1974"]
[Annotator "TA"]
[PlyCount "70"]
[EventDate "2024.04.14"]
[EventType "swiss"]
[EventCountry "FRA"]
[SourceTitle "playchess.com"]
[Source "ChessBase"]
[SourceQuality "1"]
[TimeControl "5400+30"]

1. d4 d5 2. e3 Nf6 3. Bd3 c5 4. c3 e6 5. f4 Bd6 6. Nf3 Nc6 7. O-O O-O 8. Ne5 Ne4 9. Nd2 Nxd2 10. Bxd2 {[%emt 0:00:13] The position is equal.} f6 (10... f5 {simplifies} 11. b3 Nxe5 12. dxe5 Be7) 11. Qh5 f5 12. g4 Bxe5 (12... Nxe5 $11 13. fxe5 g6) 13. fxe5 $14 g6 14. Qh3 Qg5 (14... Ne7 $14) 15. Qg2 ({Inferior is} 15. dxc5 Nxe5 16. Be2 Bd7 $15 (16... Nxg4 17. Qg3 $11)) (15. Rf4 $16) 15... Qxg4 $11 16. Qxg4 fxg4 17. Rxf8+ Kxf8 18. Rf1+ Kg7 19. Rf4 {[%emt 0:00:41][%mdl 1024] White has compensation.} h5 20. Rf6 (20. dxc5 Nxe5 21. Be2 Nf3+ 22. Bxf3 gxf3 $15) 20... Ne7 21. e4 c4 22. Bc2 Ng8 23. Rf2 Bd7 {[%emt 0:01:12] Wards off Ba4} 24. Bg5 Bc6 25. exd5 Bxd5 26. Bf6+ {[%emt 0:00:00] [#]} Kh7 ({Much weaker is} 26... Nxf6 $6 27. Rxf6 a5 28. Bxg6 $11 (28. Rxg6+ Kf8 $16)) ({Better is} 26... Kh6 $1 $17 {White should prevent ...Bf3.} 27. Bh4 g5) 27. Bg5 Nh6 {[%emt 0:00:27] Prevents Rf7+} 28. Bxh6 (28. Rf6 $11 Nf5 29. Kf2) 28... Kxh6 {[%emt 0:00:12][%mdl 4096] Endgame. KRB-KRB} 29. Rf6 Rg8 30. b3 (30. b4 $17 {was necessary.}) 30... b5 $19 31. b4 (31. bxc4 $17 Bxc4 (31... bxc4 $2 32. h4 $19) 32. Bb3 Bxb3 33. axb3) 31... Kg5 {[%emt 0:02:25] White must now prevent ...Ra8.} 32. Bb1 $2 (32. Kf2 {might work better.}) 32... h4 33. Kf2 g3+ {[%emt 0:00:26] Black is clearly winning.} 34. hxg3 (34. Kg1 $142) 34... h3 {[%emt 0:00:06] ( -> ...h2)} 35. Kg1 {[%emt 0:00:00] [#]} h2+ $1 {[%emt 0:00:08][%mdl 512] Weighted Error Value: White=0.52/Black=0.21 (precise) .  Mistake:       	White=6     	Black=3      Inaccurate:     	White=5     	Black=2      OK:         	White=6     	Black=7      Best:        	White=1     	Black=5} 0-1

[Event "French-ch U12-U14 2024"]
[Site "Agen"]
[Date "2024.04.15"]
[Round "2.11"]
[White "Schlupp, Emma"]
[Black "Bernard, Ines"]
[Result "0-1"]
[ECO "D02"]
[WhiteElo "1600"]
[BlackElo "1981"]
[Annotator "NA RC"]
[PlyCount "100"]
[EventDate "2024.04.14"]
[EventType "swiss"]
[EventCountry "FRA"]
[SourceTitle "playchess.com"]
[Source "ChessBase"]
[SourceQuality "1"]
[TimeControl "5400+30"]

1. d4 d5 2. Nf3 Nf6 3. Bf4 e6 4. e3 Bd6 5. Bxd6 Qxd6 6. Bd3 {[%emt 0:01:37] D02: 1 d4 d5 2 Nf3 sidelines, including 2...Nf6 3 g3 and 2...Nf6 3 Bf4.} Qb4+ 7. Nbd2 Qxb2 8. O-O Nbd7 9. Re1 O-O 10. Nf1 b6 11. Ng3 Bb7 12. Nd2 ({White should play} 12. a4 Qb4 13. c3) 12... Qa3 13. Qe2 c5 14. c4 cxd4 15. exd4 Rfd8 16. Qf3 Qb4 17. Qe3 dxc4 18. Nxc4 Nf8 19. Rab1 Qa4 20. a3 Rac8 21. Rb4 $2 (21. Rbc1 {was necessary.}) 21... Qc6 22. Ne4 (22. Qf3 $142) 22... Nxe4 23. Ne5 Qc3 24. f3 Nf6 25. Nxf7 Kxf7 26. Rb3 Qxd4 27. Qxd4 Rxd4 28. Rd1 Rcd8 29. Rc3 Ba6 30. Rc7+ Kg8 31. Bxa6 Rxd1+ 32. Kf2 R8d7 (32... R8d2+ $142 33. Be2 Ra2 (33... Rxe2+ $2 34. Kxe2 Rd7 35. Rc2 $19) (33... a6 $2 34. Rc3 $19) 34. Rc3 Nd5 (34... Rxe2+ $2 35. Kxe2 Ra1 36. Rd3 $19) 35. Rc4 Rdd2 (35... Rxe2+ $2 36. Kxe2 Ra1 37. a4 $19) 36. Re4 Nc3 (36... Rxa3 $2 37. h3 $19) 37. Rg4 Rxe2+ (37... Nxe2 $2 38. Ke3 $19) 38. Kg3 Nd5 (38... Rxg2+ {leads to mate.} 39. Kf4 Rge2 40. Kg5 Nd5 41. h3 Ng6 42. f4 Rxa3 43. h4 Ngxf4 44. Rg1 Nh3+ 45. Kh5 Nf6#) 39. Kh3 Ng6 (39... Rxa3 $2 40. Rd4 $19) 40. Rxg6 hxg6 (40... Nf4+ {is a self mate.} 41. Kg4 Nxg6 42. g3 Rxh2 43. f4 Rxa3 44. f5 h5+ 45. Kg5 Rxg3#) 41. g3 Rxh2+ 42. Kg4 Rxa3 43. Kg5 Rxf3 (43... Rh5+ $2 44. Kxg6 Re5 45. g4 Nf4#) 44. g4 Rg3 45. Kxg6 Rxg4#) 33. Rc2 R7d2+ 34. Rxd2 Rxd2+ 35. Ke1 Rxg2 $19 36. Be2 Ng6 37. h3 Nf4 38. Bf1 Rb2 39. h4 N6d5 40. a4 Ne3 41. h5 Rb1+ 42. Kf2 Nxf1 43. h6 Nd5 44. hxg7 Kxg7 45. a5 Kf6 46. axb6 axb6 47. f4 Kf5 48. Kf3 Nxf4 49. Kf2 Kg4 50. Kg1 Kg3 0-1

[Event "French-ch U12-U14 2024"]
[Site "Agen"]
[Date "2024.04.15"]
[Round "2.14"]
[White "Skrypnyk, Anna"]
[Black "Castagnerol, Cerise"]
[Result "0-1"]
[ECO "C01"]
[WhiteElo "1578"]
[BlackElo "1755"]
[Annotator "NA RC"]
[PlyCount "92"]
[EventDate "2024.04.14"]
[EventType "swiss"]
[EventCountry "FRA"]
[SourceTitle "playchess.com"]
[Source "ChessBase"]
[SourceQuality "1"]
[TimeControl "5400+30"]

1. e4 e6 2. Nc3 d5 3. exd5 exd5 4. d4 Nf6 5. Nf3 Be7 6. Bf4 O-O 7. Bd3 Bg4 8. Qd2 Nbd7 9. h3 Bh5 10. g4 Bg6 11. O-O-O Bb4 12. Bxg6 fxg6 13. Qd3 Bxc3 14. Qxc3 Ne4 15. Qe3 Qf6 16. Ne5 Nxe5 17. Bxe5 Qxf2 18. Qb3 c6 19. Qxb7 Rac8 20. Qxa7 Rf7 21. Qa6 Rff8 22. Rhf1 Qe3+ 23. Kb1 Nd2+ 24. Ka1 Nc4 25. Rxf8+ Rxf8 26. Qxc6 Qf3 27. a3 Qxd1+ 28. Ka2 Nxe5 29. Qxd5+ Nf7 30. Qc4 Rd8 31. c3 Rb8 32. b3 Qc2+ 33. Ka1 Re8 34. Qf1 Re2 35. Qxe2 Qxe2 36. d5 Qc2 37. g5 Qxb3 38. c4 Qxa3+ 39. Kb1 Qb4+ 40. Ka1 Qxc4 41. h4 Qxd5 42. Kb2 Qd3 43. Ka1 Qd2 44. Kb1 Ne5 45. h5 Nc4 46. Ka1 Qb2# 0-1

[Event "French-ch U12-U14 2024"]
[Site "Agen"]
[Date "2024.04.15"]
[Round "2.15"]
[White "Maret, Anna"]
[Black "Satyanarayan, Shraddha"]
[Result "1-0"]
[ECO "C91"]
[WhiteElo "1749"]
[BlackElo "1594"]
[Annotator "NA RC"]
[PlyCount "99"]
[EventDate "2024.04.14"]
[EventType "swiss"]
[EventCountry "FRA"]
[SourceTitle "playchess.com"]
[Source "ChessBase"]
[SourceQuality "1"]
[TimeControl "5400+30"]

1. e4 e5 2. Nf3 Nc6 3. Bb5 a6 4. Ba4 Nf6 5. O-O Be7 6. Re1 b5 7. Bb3 O-O 8. d4 d6 9. c3 Bg4 10. d5 Na5 11. Bc2 Qd7 12. Nbd2 c6 13. Nf1 Nc4 14. b3 Nb6 15. Be3 Rab8 16. Bxb6 Rxb6 17. Ne3 Bh5 18. c4 Bg6 19. Nf5 Bxf5 20. exf5 cxd5 21. cxd5 Rc8 22. Rc1 Rc5 23. Be4 Nxe4 24. Rxe4 Qxf5 25. Rxc5 Qxe4 26. Rc7 Bf8 27. Ng5 Qh4 28. Nxf7 e4 29. Qd4 Rb8 30. g3 Qg4 31. h4 Rc8 32. Rxc8 Qxc8 33. Ng5 Qc2 34. Qxe4 Qxe4 35. Nxe4 h6 36. Kg2 Kf7 37. Kf3 Ke7 38. Ke3 Kd7 39. g4 Be7 40. g5 hxg5 41. Nxg5 Bxg5+ 42. hxg5 g6 43. Ke4 Ke7 44. f4 Ke8 45. f5 gxf5+ 46. Kxf5 Kf7 47. g6+ Kg7 48. Ke6 Kxg6 49. Kxd6 Kf6 50. Kc7 1-0

[Event "French-ch U12-U14 2024"]
[Site "Agen"]
[Date "2024.04.15"]
[Round "2.16"]
[White "Yastrebov, Andrey"]
[Black "Breuil, Virgile"]
[Result "1/2-1/2"]
[ECO "A13"]
[WhiteElo "1845"]
[BlackElo "2307"]
[Annotator "TA"]
[PlyCount "147"]
[EventDate "2024.04.14"]
[EventType "swiss"]
[EventCountry "FRA"]
[SourceTitle "playchess.com"]
[Source "ChessBase"]
[SourceQuality "1"]
[TimeControl "5400+30"]

1. Nf3 d5 2. c4 c6 3. g3 Nf6 4. Bg2 Nbd7 5. O-O e6 6. b3 Bd6 7. d3 O-O 8. Bb2 Re8 9. Nbd2 e5 10. cxd5 cxd5 11. e4 d4 12. Nc4 Bc7 13. a4 Nf8 14. Ba3 Ng6 15. Qd2 a6 16. Bb4 Be6 17. Rfc1 h6 18. Rab1 Qd7 19. Ba5 Bxa5 (19... b5 $11 20. Bxc7 bxc4 (20... Qxc7 $2 21. Ncxe5 Qa7 22. Nxg6 $18)) 20. Qxa5 $14 Bxc4 21. bxc4 Rab8 22. Rb3 Re7 (22... Qc8 $14) 23. Rcb1 $1 $16 Kf8 (23... Ree8 $16) 24. Rb6 $18 Qc7 25. Bh3 {[%emt 0:00:28] And now c5 would win.} Kg8 (25... Nd7 $142) 26. Qb4 Nd7 27. Bxd7 ({Much less strong is} 27. Rxb7 Qxb7 28. Qxb7 Rxb7 29. Rxb7 Nc5 30. Rb8+ Nf8) (27. Rxg6 $142 Nc5 28. Rb6) 27... Qxd7 28. Rxa6 {[%emt 0:00:41] White is much more active.} bxa6 29. Qxb8+ Re8 30. Qb3 Qh3 (30... Qg4 $16 {was worth a try.} 31. Qd1 Rc8 (31... Nf4 32. h4 $16)) 31. Qd1 (31. Ne1 $18) 31... Re6 (31... Qg4 $16 32. h4 Rf8 (32... Nf4 $2 33. Nxd4 Qxd1+ 34. Rxd1 $18)) 32. Qf1 (32. Ne1 $18) 32... Qh5 (32... Qg4 $16 {was called for.} 33. Nd2 Rf6) 33. Qg2 (33. Rb8+ $18 Kh7 34. Qe2) 33... Nf4 $16 34. gxf4 Rg6 35. Rb8+ (35. Ng5 $1 $16 hxg5 36. fxe5) 35... Kh7 $11 36. Ng5+ $1 hxg5 {[%emt 0:01:10][%mdl 4096] Endgame. KQR-KQR} 37. f5 Rh6 38. f3 {[%emt 0:05:30] Qg3 would now be deadly.} g4 $1 39. fxg4 Qg5 40. Kh1 f6 41. Rb1 Qe3 {[%emt 0:00:28] Wards off Re1} 42. Rd1 Rh3 (42... Kg8 $1 $11) 43. c5 $14 Rf3 44. c6 ({White should try} 44. Rg1 $16) 44... Rf2 $11 45. Qg3 Qxg3 46. hxg3 {[%emt 0:00:01] KR-KR} Rc2 {[%emt 0:00:08] Repels Rc1} 47. Kg1 Rxc6 48. Rb1 Rc3 49. Rd1 Ra3 50. Kf2 Rxa4 51. g5 fxg5 52. Kf3 g6 $2 {[%emt 0:00:30][%mdl 8192] [#]} (52... Ra3 $11) 53. Kg4 $1 $18 {[%emt 0:00:26] Strongly threatening f6.} gxf5+ 54. Kxf5 $2 ({White has to play} 54. exf5 $18 Ra3 55. Kxg5) 54... Ra5 $1 $14 55. Kxg5 {[%emt 0:00:07] Hoping for Kf6.} Rc5 {[%emt 0:00:32] [#]} (55... Rb5 $14) 56. Kf6 ({White should play} 56. g4 $1 $16) 56... a5 $1 $11 57. g4 {[%emt 0:00:05] Threatens to win with Rh1+.} a4 {[%emt 0:00:35] The position is equal.} 58. g5 {[%emt 0:00:10] Black must now prevent Rh1+.} a3 59. Ra1 (59. Rb1 $5 Rc6+ $8 60. Kxe5 $15) 59... Ra5 60. Kf7 Ra7+ 61. Kf6 Ra5 62. g6+ Kg8 63. Rb1 Ra6+ 64. Kxe5 a2 65. Ra1 Ra4 66. Kf5 Kg7 67. e5 Ra5 68. Ke4 Kxg6 69. Kxd4 Kf5 70. Rf1+ Ke6 71. Ra1 Ra4+ 72. Kc3 Kxe5 73. Kb3 Ra8 74. Rxa2 {[%emt 0:00:05] Weighted Error Value: White=0.30/Black=0.18 (very precise) .  Loses game:     	---       	Black=1      Missed win:     	---       	Black=1      Mistake:       	White=7     	Black=9      OK:         	White=19    	Black=27     Best:        	White=4     	Black=7      Strong:       	White=3     	Black=2} 1/2-1/2